 Dungeon Crawl Stone Soup version 0.21.1-1-g345015f (webtiles) character file.

59 inc the Ducker (level 3, 15/15 HPs)
             Began as a Felid Transmuter on Feb 25, 2018.
             Quit the game on level 3 of the Dungeon.
             The game lasted 00:05:22 (3023 turns).

inc the Ducker (Felid Transmuter)                   Turns: 3023, Time: 00:05:22

Health: 15/15      AC:  1    Str:  6    XL:     3   Next: 78%
Magic:  7/7        EV: 21    Int: 15    God:
Gold:   200        SH:  0    Dex: 20    Spells: 0/6 levels left
                                        Lives:  0   Deaths: 1

rFire    . . .     SeeInvis +     - Unarmed
rCold    . . .     Gourm    .   (shield unavailable)
rNeg     . . .     Faith    .   (armour unavailable)
rPois    .         Spirit   .   (helmet unavailable)
rElec    .         Reflect  .   (cloak unavailable)
rCorr    .         Harm     .   (gloves unavailable)
MR       .....                  (boots unavailable)
Stlth    ++........             (no amulet)
HPRegen  0.05/turn              o - +4 ring of dexterity
MPRegen  0.10/turn              (no ring)

@: quick
A: very small, no armour, no weapons or thrown items, stealth, claws 1, fangs 3,
see invisible, carnivore, speed 1, shaggy fur 1, slow metabolism 1, sharp paws
a: no special abilities


You were on level 3 of the Dungeon.
You were not hungry.

You visited 1 branch of the dungeon, and saw 4 of its levels.

You collected 200 gold pieces.

Inventory:

Jewellery
 o - a +4 ring of dexterity (left paw)
 p - an uncursed ring of teleportation
Scrolls
 g - a scroll of remove curse
 h - a scroll of enchant weapon {unknown}
 i - 2 scrolls of random uselessness {unknown}
 j - 3 scrolls of teleportation
 n - 2 scrolls of enchant armour {unknown}
Potions
 d - a potion of invisibility {unknown}
 e - 3 potions of degeneration
 f - a potion of heal wounds {unknown}
 k - 2 potions of berserk rage
Books
 b - a book of Changes

   Spells                             Type                      Level
   a - Beastly Appendage              Transmutation                1
   b - Sticks to Snakes               Transmutation                2
   c - Spider Form                    Transmutation/Poison         3
   d - Ice Form                       Ice/Transmutation            4
   e - Blade Hands                    Transmutation                5
Comestibles
 c - 4 rations


   Skills:
 - Level 1.0 Fighting
 + Level 5.2 Dodging
 - Level 4.4 Unarmed Combat
 - Level 2.0 Spellcasting
 - Level 2.1 Transmutations


You couldn't memorise any spells.
You knew the following spells:

 Your Spells              Type           Power        Failure   Level  Hunger
a - Beastly Appendage     Tmut           #.....       9%          1    #......
b - Sticks to Snakes      Tmut           #.......     14%         2    ###....
c - Spider Form           Tmut/Pois      #.........   38%         3    ###....


Dungeon Overview and Level Annotations

Branches:
Dungeon (4/15)
 Temple: D:4-7

Altars:
Makhleb
Qazlal
Trog
Zin


Innate Abilities, Weirdness & Mutations

You cannot wear armour.
You are incapable of wielding weapons or throwing items.
Your paws allow you to move quietly. (Stealth)
You have sharp claws.
You have razor-sharp teeth.
You have supernaturally acute eyesight. (SInv)
You are carnivorous and can eat meat at any time.
You cover ground quickly.
You are covered in fur. (AC +1)
You have a slow metabolism.
Your sharp claws are effective at attacking unaware monsters.


Message History

You grow a pair of large bovine horns.
Your adder bites the orc.
The quokka bites you.
* * * LOW HITPOINT WARNING * * *
The orc misses your adder. The orc wizard completely misses you.
It was a potion of ambrosia.
You are confused.
You feel invigorated.
Your adder bites the orc.
The orc is poisoned.
Your adder poisons the orc!
The quokka misses you. The orc barely misses your adder.
The orc wizard gestures at you while chanting.
The magic dart hits you!
You die...
Your shape twists and changes as you die.
Your adder bites the orc.
The orc dies!
The quokka bites you.
You are now level 3!
Your horns disappear.
You rejoin the land of the living...
Are you sure you want to abandon this character and quit the game? (Confirm with "yes".)

######### #.......#
#...>.).############
#.......#.......@..#
........#..........#
...................# #.......
........#............ ####.......
.....)...........#...............
......###......#.................
......###.#....##................
......#...#.... .................
........###... #........#......


There were no monsters in sight!

Vanquished Creatures
  A bullfrog zombie (D:3)
  An adder (D:2)
  An ooze (D:1)
  A worm (D:2)
  A dart slug (D:1)
  A leopard gecko (D:1)
  2 orcs (D:3)
  4 giant cockroaches
  3 goblins
  6 hobgoblins
  2 jackals (D:1)
  A ball python (D:1)
  A bat (D:3)
  2 frilled lizards
  A kobold (D:1)
  6 rats
34 creatures vanquished.

Vanquished Creatures (collateral kills)
  An orc priest (D:4)
  A worker ant (D:4)
  An adder (D:3)
  4 orcs
  A jackal (D:1)
8 creatures vanquished.

Grand Total: 42 creatures vanquished

Notes
Turn   | Place    | Note
-------+----------+-------------------------------------------
     0 | D:1      | inc the Felid Transmuter began the quest for the Orb.
     0 | D:1      | Reached XP level 1. HP: 9/9 MP: 4/4
   263 | D:1      | Reached XP level 2. HP: 12/12 MP: 4/6
   267 | D:1      | Learned a level 2 spell: Sticks to Snakes
  1309 | D:2      | Reached XP level 3. HP: 15/15 MP: 7/7
  1388 | D:2      | Learned a level 3 spell: Spider Form
  1488 | D:2      | Found a burning altar of Makhleb.
  1490 | D:2      | Found a glowing silver altar of Zin.
  1492 | D:2      | Found a stormy altar of Qazlal.
  2292 | D:3      | Reached skill level 3 in Dodging
  2499 | D:3      | Reached skill level 4 in Dodging
  2499 | D:3      | Reached XP level 4. HP: 6/19 MP: 5/8
  2703 | D:3      | Found a bloodstained altar of Trog.
  2838 | D:4      | Reached skill level 5 in Dodging
  3022 | D:3      | Killed from afar by an orc wizard
  3023 | D:3      | Reached XP level 3. HP: -1/15 MP: 6/7
  3023 | D:3      | Quit the game

Skill      XL: |  1  2  3  4 |
---------------+-------------+-----
Unarmed Combat | 4 |  4.4
Dodging        | 4 5 |  5.2
Fighting       | |  1.0
Spellcasting   | |  2.0
Transmutations | |  2.1

Action                   |  1- 3 |  4- 6 || total
-------------------------+-------+-------++-------
Melee: Unarmed           |   107 |     7 ||   114
       Bite              |     8 |       ||     8
       Headbutt          |     5 |     2 ||     7
       Punch             |     1 |       ||     1
 Cast: Beastly Appendage |    13 |     3 ||    16
       Sticks to Snakes  |     5 |     7 ||    12
  Use: Scroll            |       |     4 ||     4
       Potion            |       |     1 ||     1
 Stab: Sleeping          |     3 |       ||     3
  Eat: Chunk             |     7 |       ||     7
Armor: Skin              |     6 |       ||     6
Dodge: Dodged            |    76 |    17 ||    93
